 Dungeon Sprint DCSS version 0.19.3-4-gbf9329e (webtiles) character file.

354 Kagutsuchi the Fighter (level 6, 0/56 HPs)
             Began as a Draconian Berserker on Jan 27, 2017.
             Was a Believer of Trog.
             Slain by a neqoxec (2 damage)
             ... in the Dungeon (Sprint II: "The Violet Keep of Menkaure").
             The game lasted 00:01:04 (951 turns).

Kagutsuchi the Fighter (Draconian Berserker)         Turns: 951, Time: 00:01:04

Health: 0/56       AC:  6    Str: 19      XL:     6   Next: 35%
Magic:  5/5        EV: 14    Int:  8      God:    Trog [**....]
Gold:   243        SH:  0    Dex:  7 (8)  Spells: 0 memorised, 5 levels left

rFire  . . .     SeeInvis .     a - +0 falchion
rCold  . . .     Gourm    .     (armour unavailable)
rNeg   . . .     Faith    .     (no shield)
rPois  .         Spirit   .     (helmet restricted)
rElec  .         Reflect  .     (no cloak)
rCorr  .         Harm     .     (no gloves)
MR     .....     NoTele   +     (no boots)
Stlth  ++........               (no amulet)
                                (no ring)
                                (no ring)

@: exhausted, slowed, very slow
A: unfitting armour, blurry vision 3, clumsy 2, frail 1, low mp 1, cold-blooded,
AC +6
a: Berserk, Trog's Hand, Burn Spellbooks, Renounce Religion


You were in the Dungeon.
You worshipped Trog.
Trog was pleased with you.
You were not hungry.

You visited 1 branch You collected 243 gold pieces.

Inventory:

Hand Weapons
 a - a +0 falchion (weapon)
Scrolls
 h - a scroll of blinking
Potions
 c - a potion of curing
 e - a potion of haste
 f - 2 potions of magic
 g - a potion of berserk rage


   Skills:
 + Level 9.1 Fighting
 + Level 8.6 Long Blades
 + Level 7.3 Dodging
 + Level 2.1 Stealth


You had 5 spell levels left.
You didn't know any spells.

Dungeon Overview and Level Annotations

Branches:
Dungeon (1/1)

Altars:

Annotations:
D Menkaure


Innate Abilities, Weirdness & Mutations

Your plain brown scales are hard. (AC +6)
You cannot fit into any form of body armour.
You are cold-blooded and may be slowed by cold attacks.
Scrolls take you much longer to read.
You are very clumsy. (Dex -4)
You are frail. (-10% HP)
Your magical capacity is low. (-10% MP)


Message History

Menkaure calls on the powers of darkness!
Your body is wracked with pain!
The neqoxec hits you.
* * * LOW HITPOINT WARNING * * *
You hit the neqoxec but do no damage.
The neqoxec is severely wounded.
The neqoxec hits you!
* * * LOW HITPOINT WARNING * * *
The neqoxec hits you but does no damage.
You hit the neqoxec. You tail-slap the neqoxec.
The neqoxec is almost dead.
Menkaure gestures wildly while chanting.
Menkaure seems to speed up.
The neqoxec gestures.
You hit the neqoxec.
The neqoxec is almost dead.
The quasit misses you. The quasit claws you.
* * * LOW HITPOINT WARNING * * *
You feel clumsy. The quasit misses you. The neqoxec hits you.
You die...

## #M#
####5## #
#.###3# .##
##..##@##.w$#
+.##'555+#
##..##.##.w.#
#.###+# .##
### #


You could see a neqoxec, Menkaure, a quasit, a crimson imp and 2 shadow imps.

Vanquished Creatures
  2 neqoxecs (D)
  4 worker ants (D)
6 creatures vanquished.

Vanquished Creatures (others)
  A crocodile (D)
1 creature vanquished.

Grand Total: 7 creatures vanquished

Notes
Turn   | Place    | Note
-------+----------+-------------------------------------------
     0 | D        | Kagutsuchi the Draconian Berserker began the quest for the Orb.
     0 | D        | Reached XP level 1. HP: 19/19 MP: 1/1
     1 | D        | Noticed a tyrant leech
     1 | D        | Noticed a tyrant leech
     5 | D        | Noticed a worker ant
     5 | D        | Noticed a worker ant
     5 | D        | Noticed a worker ant
     5 | D        | Noticed a worker ant
     6 | D        | Killed a worker ant
     6 | D        | Reached skill level 4 in Fighting
     6 | D        | Reached XP level 2. HP: 28/28 MP: 2/2
    10 | D        | Reached skill level 5 in Fighting
    10 | D        | Reached skill level 5 in Long Blades
    10 | D        | Reached XP level 3. HP: 36/36 MP: 3/3
    16 | D        | Killed a crocodile
    17 | D        | Reached ** piety under Trog
    17 | D        | Reached skill level 6 in Fighting
    17 | D        | Reached XP level 4. HP: 44/44 MP: 4/4
    28 | D        | Reached skill level 5 in Dodging
   916 | D        | Noticed a neqoxec
   917 | D        | Noticed a neqoxec
   920 | D        | Gained mutation: Scrolls take you a little longer to read. [a neqoxec]
   921 | D        | Noticed a neqoxec
   926 | D        | Killed a neqoxec
   926 | D        | Reached skill level 8 in Fighting
   926 | D        | Reached skill level 1 in Stealth
   926 | D        | Reached XP level 5. HP: 53/53 MP: 5/5
   929 | D        | Gained mutation: You are clumsy. (Dex -2) [a neqoxec]
   930 | D        | Gained mutation: You are very clumsy. (Dex -4) [a neqoxec]
   931 | D        | Killed a neqoxec
   931 | D        | Reached skill level 9 in Fighting
   931 | D        | Reached XP level 6. HP: 63/63 MP: 6/6
   936 | D        | Gained mutation: You are frail. (-10% HP) [a neqoxec]
   937 | D        | Gained mutation: Scrolls take you longer to read. [a neqoxec]
   944 | D        | Gained mutation: Scrolls take you much longer to read. [a neqoxec]
   947 | D        | Gained mutation: Your magical capacity is low. (-10% MP) [a neqoxec]
   948 | D        | Noticed Menkaure
   951 | D        | HP: 2/56 [quasit[a neqoxec] (2)]
   951 | D        | Slain by a neqoxec

Skill      XL: |  1  2  3  4  5 |
---------------+----------------+-----
Fighting       | 4 5 6 8 9 |  9.1
Long Blades    | 4 5 7 8 |  8.6
Dodging        | 4 6 7 |  7.3
Stealth        | 1 2 |  2.1

Action                   |  1- 3 |  4- 6 || total
-------------------------+-------+-------++-------
Melee: Tailslap          |     2 |     9 ||    11
       Falchion          |    10 |    40 ||    50
Invok: Berserk           |     1 |     1 ||     2
  Use: Potion            |       |     1 ||     1
  Eat: Bread ration      |       |     1 ||     1
Armor: Skin              |     4 |     8 ||    12
Dodge: Dodged            |     8 |    23 ||    31
       Rpst.: Falchion   |     1 |    10 ||    11
